 Dungeon Crawl Stone Soup version 0.31.0-11-ge490571c62 (webtiles) character file.

Game seed: 16340047770402027172

1078 Lolow the Covert (level 8, -13/49 HPs)
             Began as a Kobold Brigand on Feb 11, 2024.
             Was a Follower of Qazlal.
             Killed from afar by Maggie (26 damage)
             ... with a bolt of fire
             ... on level 6 of the Dungeon.
             The game lasted 00:26:33 (5459 turns).

Lolow the Covert (Kobold Brigand)                   Turns: 5459, Time: 00:26:35

Health: -13/49     AC:  4    Str: 10    XL:     8   Next: 54%
Magic:  5/8        EV: 16    Int: 13    God:    Qazlal [*.....]
Gold:   191        SH:  6    Dex: 16    Spells: 5/7 levels left

rFire   . . .        a - +2 dagger
rCold   . . .        w - +0 buckler
rNeg    . . .        s - +1 animal skin
rPois   .            (no helmet)
rElec   .            c - +0 cloak
rCorr   .            (no gloves)
SInv    .            (no boots)
Will    .....        i - amulet of regeneration
Stlth   ++++         (no ring)
HPRegen 1.08/turn    (no ring)
MPRegen 0.11/turn

%: no passive effects
@: no status effects
A: small, no large weapons, nightstalker 3
a: Renounce Religion


You were on level 6 of the Dungeon.
You worshipped Qazlal.
Qazlal was aware of your devotion.
You visited 1 branch of the dungeon, and saw 6 of its levels.

You collected 191 gold pieces.

Inventory:

Hand Weapons
 a - a +2 dagger (weapon)
 o - a +0 short sword
Missiles
 f - 30 stones
 G - 2 javelins
 I - 2 poisoned darts
Armour
 b - a +0 robe
 c - a +0 cloak (worn)
 n - the +5 ring mail of Moral Flaws {Harm}
   (You found it on level 2 of the Dungeon)

   Harm:      It increases damage dealt and taken.
 s - a +1 animal skin (worn)
 w - a +0 buckler (worn)
 y - an orb of wrath
 H - a +1 leather armour of poison resistance
Jewellery
 i - an amulet of regeneration (around neck)
 m - an amulet of reflection
Wands
 d - a wand of mindburst (10)
 B - a wand of charming (8)
 C - a wand of roots (9)
Scrolls
 l - a scroll of blinking {unknown}
 q - a scroll of teleportation
 u - a scroll of vulnerability {unknown}
 v - a scroll of acquirement {unknown}
 A - 3 scrolls of noise
 E - a scroll of torment {unknown}
 J - a scroll of identify
 K - a scroll of amnesia {unknown}
Potions
 k - 2 potions of curing {unknown}
 p - 2 potions of enlightenment {unknown}
 r - a potion of degeneration {unknown}
 t - a potion of attraction {unknown}
 x - a potion of resistance {unknown}
 z - a potion of lignification {unknown}
 F - a potion of brilliance {unknown}


   Skills:
 + Level 5.1 Fighting
 + Level 6.0 Short Blades
 + Level 5.0 Throwing
 + Level 5.1 Dodging
 + Level 8.0 Stealth


You had 5 spell levels left.
You knew the following spells:

 Your Spells              Type           Power      Damage    Failure   Level
a - Blink                 Tloc           0%         N/A       56%         2

Your spell library contained the following spells:

 Spells                   Type           Power      Damage    Failure   Level
 Shock                    Conj/Air       0%         1d3       43%         1
 Lesser Beckoning         Tloc           0%         N/A       56%         2
 Momentum Strike          Conj/Tloc      0%         3d8       56%         2
 Dazzling Flash           Conj/Hex       0%         N/A       80%         3
 Gell's Gravitas          Tloc           0%         N/A       80%         3
 Swiftness                Air            0%         N/A       80%         3
 Teleport Other           Tloc           0%         N/A       80%         3
 Airstrike                Air            0%         2d(0-16)  99%         4
 Iskenderun's Mystic Bla  Conj/Tloc      0%         2d3       99%         4
 Dispersal                Tloc           0%         N/A       100%        6
 Chain Lightning          Conj/Air       0%         N/A       100%        9


Dungeon Overview and Level Annotations

Branches:
Dungeon (6/15)             Temple (0/1) D:5

Altars:
Qazlal
Ru
The Shining One

Shops:
D:1 ![[

Annotations:
D:6 Jeremiah, Maggie


Innate Abilities, Weirdness & Mutations

You are small and have problems with some larger weapons.
You are completely attuned to the shadows.


Message History

You closely miss Maggie.
Maggie is lightly wounded.
You hit Maggie but do no damage.
Maggie is lightly wounded.
Maggie misses you.
You hit Maggie but do no damage.
Maggie is lightly wounded.
You hit Maggie.
Maggie is lightly wounded.
Maggie hits you with a +1 heavy war axe!!
A gnoll comes into view. It is wielding a +0 club.
Aiming: Upheaval
Press: ? - help, Dir - move target Magma suddenly erupts from the ground!
You can no longer call upon nature to destroy your foes.
A gnoll comes into view. It is wielding a +0 club.
Maggie attacks as she pursues you!
Maggie hits you with a +1 heavy war axe!
The gnoll hits you with a +0 club.
You hit the gnoll.
The gnoll is moderately wounded.
The gnoll hits you with a +0 club.
You hit the gnoll.
The gnoll is heavily wounded.
You hit the gnoll.
The gnoll is heavily wounded.
The gnoll barely misses you.
You hit the gnoll but do no damage.
The gnoll is heavily wounded.
A gnoll comes into view. It is wielding a +0 whip.
The gnoll hits you with a +0 club!
* * * LOW HITPOINT WARNING * * *
You hit the gnoll.
The gnoll is severely wounded.
Maggie points at you and mumbles some strange words.
The bolt of fire hits the gnoll!!
The gnoll dies!
The bolt of fire hits you!!
Ouch! That really hurt!
You die...

. ###### #.
#oo{.#
##g#####.#o##o#
...g@....# #.#
########.#)#####
#.# #......#.#@#
#.#
####.####.#.#.#
.....####.#.#.#
......#.......#
#####.#####.###
#[# #.# #.# #.#
#.#####.#
#.......#


You could see Maggie and 2 gnolls.

Vanquished Creatures
  Sigmund (D:2)
  2 steam dragons (D:5)
  A sky beast (D:6)
  A black bear (D:4)
  A scorpion (D:6)
  A bombardier beetle (D:4)
  A howler monkey (D:6)
  A hound (D:6)
  Ijyb (D:5)
  A sleepcap (D:4)
  3 iguanas
  Robin (D:2)
  7 adders
  3 gnolls (D:4)
  2 ufetubi (D:5)
  2 dart slugs
  An orc (D:3)
  4 ball pythons
  2 bats
  8 endoplasms
  2 giant cockroaches
  9 goblins
  6 hobgoblins
  3 jackals (D:4)
  4 kobolds
  5 quokkas
  4 frilled lizards
  2 rats
79 creatures vanquished.

Vanquished Creatures (others)
  A gnoll (D:6)
1 creature vanquished.

Grand Total: 80 creatures vanquished

Notes
Turn   | Place    | Note
-------+----------+-------------------------------------------
     0 | D:1      | Lolow the Kobold Brigand began the quest for the Orb.
     0 | D:1      | Reached XP level 1. HP: 12/12 MP: 1/1
    75 | D:1      | Found Zorisch's Armour Shop.
   139 | D:1      | Reached XP level 2. HP: 18/18 MP: 2/2
   262 | D:1      | Found Qethis's Armour Shop.
   670 | D:1      | Found Yvvetzax's Distillery.
  1277 | D:2      | Identified the +5 ring mail of Moral Flaws {Harm}
  1337 | D:2      | Reached XP level 3. HP: 22/22 MP: 3/3
  1401 | D:2      | Got the Almanac of Arcane Combat
  1425 | D:2      | Learned a level 2 spell: Blink
  1474 | D:2      | Noticed Robin
  1482 | D:2      | Reached XP level 4. HP: 27/27 MP: 4/4
  1492 | D:2      | Killed Robin
  1698 | D:2      | Noticed Sigmund
  1702 | D:2      | Killed Sigmund
  1703 | D:2      | Reached skill level 6 in Stealth
  1703 | D:2      | Reached XP level 5. HP: 32/32 MP: 5/5
  1703 | D:2      | Reached XP level 6. HP: 37/37 MP: 6/6
  2172 | D:3      | Found a faded altar of an unknown god.
  2178 | D:3      | Prayed at the altar of an unknown god.
  2178 | D:3      | Became a worshipper of Qazlal Stormbringer
  2178 | D:3      | Reached * piety under Qazlal
  3137 | D:4      | Noticed a black bear
  3167 | D:4      | Killed a black bear
  3168 | D:4      | Reached XP level 7. HP: 21/43 MP: 7/7
  3430 | D:4      | Reached skill level 5 in Short Blades
  3430 | D:4      | Reached skill level 7 in Stealth
  3895 | D:5      | Entered Level 5 of the Dungeon
  4128 | D:5      | Noticed Ijyb
  4174 | D:5      | Killed Ijyb
  4174 | D:5      | Reached ** piety under Qazlal
  4313 | D:5      | Noticed a steam dragon
  4377 | D:5      | Killed a steam dragon
  4378 | D:5      | Reached XP level 8. HP: 40/48 MP: 8/8
  4509 | D:5      | Found a glowing golden altar of the Shining One.
  4540 | D:5      | Found a staircase to the Ecumenical Temple.
  4606 | D:5      | Found a sacrificial altar of Ru.
  4922 | D:6      | Noticed Jeremiah
  5310 | D:6      | Reached skill level 5 in Fighting
  5310 | D:6      | Reached skill level 5 in Dodging
  5310 | D:6      | Reached skill level 8 in Stealth
  5329 | D:6      | Reached skill level 5 in Throwing
  5437 | D:6      | Noticed Maggie
  5459 | D:6      | Killed from afar by Maggie

Illustrated notes

Levels and vault maps discovered:
D:1:      amcnicky_arrival_feature_with_door, layout_loops_ring, serial_forest,
          infiniplex_forest_clump_cross, infiniplex_forest_corner_1,
          infiniplex_forest_clump_double, infiniplex_forest_straight_2,
          infiniplex_forest_end_2, infiniplex_forest_end_3,
          infiniplex_forest_clump_long, infiniplex_forest_clump_double,
          serial_shops, nicolae_shop_peninsula, nicolae_shop_advertising_works
          [nicolae_subvault_shop_adworks], nicolae_shop_window_shopping
D:2:      layout_loops_cross, minmay_tripent, uniq_sigmund, uniq_robin
D:3:      layout_loops_ring, hellmonk_ecumenical_altar_pennies_from_heaven
D:4:      wander_river, layout_basic, reono_crystal_passage
D:5:      kennysheep_steamy, layout_basic, overflow_temple_1_default,
          nicolae_ru_the_path_less_chosen, minmay_temple_entry_fiery, uniq_ijyb
D:6:      layout_basic, lemuel_crystal_altar, serial_bayou_pond_e, uniq_edmund,
          uniq_jeremiah, uniq_maggie

Skill      XL: |  1  2  3  4  5  6  7  8 |
---------------+-------------------------+-----
Short Blades   | 3 4 5 6 |  6.0
Dodging        | 2 3 4 5 |  5.1
Fighting       | 3 4 5 |  5.1
Throwing       | 3 4 5 |  5.0
Stealth        | 6 7 8 |  8.0

Action                     |  1- 3 |  4- 6 |  7- 9 || total
---------------------------+-------+-------+-------++-------
  Melee: Dagger            |    56 |    67 |   295 ||   418
  Throw: Dart              |    23 |    23 |    40 ||    86
         Throwing net      |       |       |     2 ||     2
 Invoke: Upheaval          |       |       |     2 ||     2
    Use: Scroll            |     1 |     4 |     6 ||    11
         Potion            |       |       |     3 ||     3
   Stab: Sleeping          |     6 |     6 |       ||    12
 Armour: Robe              |    15 |     3 |       ||    18
         Animal skin       |       |    23 |   104 ||   127
  Dodge: Dodged            |    24 |    43 |   152 ||   219
  Block: Buckler           |       |    19 |    62 ||    81
